 Dungeon Crawl Stone Soup version 0.19.5 (webtiles) character file.

436 Jerry the Cudgeler (level 7, -3/60 HPs)
             Began as a Human Chaos Knight on May 24, 2017.
             Slain by Menkaure (14 damage)
             ... on level 4 of the Dungeon.
             The game lasted 00:09:11 (4363 turns).

Jerry the Cudgeler (Human Chaos Knight)             Turns: 4363, Time: 00:09:11

Health: -3/60      AC: 13    Str: 14    XL:     7   Next: 21%
Magic:  7/7        EV: 11    Int: 13    God:    Xom [...*..]
Gold:   261        SH:  0    Dex: 12    Spells: 0 memorised, 6 levels left

rFire  . . .     SeeInvis .     q - +1 mace (protect)
rCold  . . .     Gourm    .     b - +2 leather armour
rNeg   . . .     Faith    .     (no shield)
rPois  .         Spirit   .     (helmet restricted)
rElec  .         Reflect  .     e - +0 cloak
rCorr  .         Harm     .     (no gloves)
MR     .....     Clarity  +     (no boots)
Stlth  ++........               (no amulet)
                                (no ring)
                                h - ring of stealth

@: protection aura
A: antennae 1, clarity, robust 1
a: Renounce Religion


You were on level 4 of the Dungeon.
You worshipped Xom.
You were a favourite toy of Xom.
You were hungry.

You visited 1 branch of the dungeon, and saw 4 of its levels.

You collected 261 gold pieces.

Inventory:

Hand Weapons
 a - a +0 mace of chaos
 q - a +1 mace of protection (weapon)
 u - a +2 dagger of electrocution
Armour
 b - a +2 leather armour (worn)
 d - a +0 helmet
 e - a +0 cloak (worn)
Jewellery
 h - a ring of stealth (left hand)
Wands
 p - a wand of flame (25/48)
 r - a wand of polymorph (15/24)
 v - a wand of acid (6/15)
Scrolls
 g - a scroll of remove curse
 i - a scroll of magic mapping {unknown}
 k - a scroll of identify
 m - 2 scrolls of noise {unknown}
 s - a scroll of amnesia {unknown}
Potions
 j - 2 potions of resistance
 l - a potion of mutation {unknown}
Comestibles
 c - 2 bread rations
 f - 5 meat rations
 n - a beef jerky
 o - 5 fruits
 t - a chunk of flesh


   Skills:
 + Level 4.5 Fighting
 * Level 5.8 Maces & Flails
 + Level 3.9 Armour
 - Level 1.0 Dodging


You had 6 spell levels left.
You didn't know any spells.

Dungeon Overview and Level Annotations

Branches:
Dungeon (4/15)
 Temple: D:4-7

Altars:
Xom

Annotations:
D:4 Edmund, Menkaure


Innate Abilities, Weirdness & Mutations

You have a pair of small antennae on your head.
You possess an exceptional clarity of mind.
You are robust. (+10% HP)


Message History

* * * LOW HITPOINT WARNING * * *
You emit a cloud of colourful smoke!
You hit Menkaure.
Menkaure is heavily damaged.
Menkaure gestures at you while chanting.
You struggle to resist.
You hit Menkaure.
Menkaure is heavily damaged.
Menkaure hits you!
* * * LOW HITPOINT WARNING * * *
Menkaure barely misses you.
You hit Menkaure but do no damage.
Menkaure is heavily damaged.
Menkaure barely misses you.
You hit Menkaure but do no damage.
Menkaure is heavily damaged.
Xom briefly touches your surroundings. Menkaure hits you!
You die...
Xom howls with laughter!

#...#.# # #.
#.#...#.##### .
#_# #...........#
. Z #...
#####.).....#
.... #.......#
?...#####.......#
#..............
#.§§..[.._.....
#.M@§..........
#.§.........###
#######._...#
....... ##.....
.... ##


You could see Menkaure.

Vanquished Creatures
  A hound (D:4)
  Crazy Yiuf (D:2)
  An orc priest (D:3)
  A centaur skeleton (D:4)
  Ijyb (D:2)
  Natasha (thrice) (D:2)
  2 orc wizards (D:2)
  A worker ant (D:3)
  7 gnolls
  3 worms (D:2)
  3 dart slugs (D:1)
  A leopard gecko (D:3)
  3 orcs
  6 giant cockroaches
  7 goblins
  4 hobgoblins
  2 jackals (D:2)
  3 kobolds
  A quokka (D:2)
  2 ball pythons
  9 bats
  6 rats
68 creatures vanquished.

Vanquished Creatures (collateral kills)
  An adder (D:4)
1 creature vanquished.

Grand Total: 69 creatures vanquished

Notes
Turn   | Place    | Note
-------+----------+-------------------------------------------
     0 | D:1      | Jerry the Human Chaos Knight began the quest for the Orb.
     0 | D:1      | Reached XP level 1. HP: 18/18 MP: 1/1
    85 | D:1      | Reached XP level 2. HP: 20/24 MP: 2/2
   121 | D:1      | XOM: divination: magic mapping
   266 | D:1      | XOM: potion effect (invisibility)
   335 | D:1      | XOM: smoke on damage
   345 | D:1      | Reached XP level 3. HP: 26/29 MP: 3/3
   722 | D:2      | XOM: silly message
   724 | D:2      | Noticed Ijyb
   753 | D:2      | XOM: potion effect (heal wounds)
   773 | D:2      | Killed Ijyb
   773 | D:2      | Reached XP level 4. HP: 11/35 MP: 4/4
  1014 | D:2      | Reached skill level 4 in Maces & Flails
  1081 | D:2      | XOM: harmless Tloc miscast
  1348 | D:2      | XOM: cast spell 'Olgreb's Toxic Radiance'
  1387 | D:2      | XOM: noise
  1401 | D:2      | Noticed Natasha
  1408 | D:2      | Killed Natasha
  1537 | D:2      | XOM: harmless Hex miscast
  1631 | D:2      | Noticed Natasha
  1637 | D:2      | Killed Natasha
  1637 | D:2      | Reached XP level 5. HP: 38/42 MP: 5/5
  1732 | D:2      | XOM: silly message
  1983 | D:2      | Found a runed door.
  2025 | D:2      | Noticed Natasha
  2038 | D:2      | Killed Natasha
  2441 | D:2      | Noticed Crazy Yiuf
  2446 | D:2      | XOM: butterfly on damage
  2451 | D:2      | Killed Crazy Yiuf
  2835 | D:3      | Reached XP level 6. HP: 31/48 MP: 6/6
  3211 | D:2      | Reached skill level 5 in Maces & Flails
  3381 | D:3      | XOM: butterfly on damage
  3634 | D:3      | XOM: confusion (+ monsters)
  3637 | D:3      | XOM: noise
  3650 | D:3      | XOM: noise
  3836 | D:4      | XOM: noise
  3843 | D:4      | Reached XP level 7. HP: 32/55 MP: 7/7
  4053 | D:4      | XOM: give mutations
  4053 | D:4      | Gained mutation: You are robust. (+10% HP) [Xom's grace]
  4053 | D:4      | Gained mutation: You have a pair of small antennae on your head. [Xom's grace]
  4053 | D:4      | Gained mutation: You possess an exceptional clarity of mind. [Xom's grace]
  4089 | D:4      | Noticed Edmund
  4091 | D:4      | XOM: divination: detect creatures
  4123 | D:3      | XOM: scenery: create altars
  4132 | D:3      | XOM: enchant monster (good)
  4163 | D:4      | XOM: 1-stop teleportation journey
  4269 | D:4      | XOM: god gift: 53 gold pieces
  4352 | D:4      | Noticed Menkaure
  4359 | D:4      | XOM: smoke on damage
  4363 | D:4      | XOM: scenery: create altars
  4363 | D:4      | Slain by Menkaure

Skill      XL: |  1  2  3  4  5  6 |
---------------+-------------------+-----
Maces & Flails | 4 5 |  5.8
Armour         | 3 |  3.9
Fighting       | 4 |  4.5
Dodging        | |  1.0

Action                   |  1- 3 |  4- 6 |  7- 9 || total
-------------------------+-------+-------+-------++-------
Melee: Mace              |    94 |   148 |    36 ||   278
       Dagger            |       |    14 |       ||    14
  Use: Scroll            |       |     3 |       ||     3
       Potion            |       |     1 |       ||     1
 Stab: Sleeping          |     1 |     3 |       ||     4
       Paralysed         |     1 |       |       ||     1
  Eat: Chunk             |       |    10 |     1 ||    11
Armor: Leather armour    |    44 |    73 |    12 ||   129
Dodge: Dodged            |    72 |   109 |    19 ||   200
